Map: Deathaura LE

Players

INnoVation - Winner!

  • Race: Terran Terran
  • Spawn Location: 5:00

ShoWTimE

  • Race: Protoss Protoss
  • Spawn Location: 11:00

Event: StayAtHomestory Cup #2

VOD

Have the link to the VOD?

Description

Time

  • Played on: June 13, 2020, 6:14 a.m.
  • Length: 10:43

All games in this series

Show
View Real Time Build Order
Export as new Build Order

INnoVation Terran - Winner!

Build Orders: Reaper Expand 

Get SALT Encoding   

  12  0:00  SCV  
  13  0:12  SCV  
  14  0:16  Supply Depot  
  14  0:25  SCV  
  15  0:38  SCV, Barracks  
  16  0:43  Refinery  
  16  0:50  SCV  
  17  1:02  SCV  
  18  1:14  SCV  
  19  1:26  Orbital Command, Reaper  
  20  1:42  Command Center  
  20  1:51  Supply Depot  
  20  1:53  SCV  
  21  1:58  Marine  
  22  2:05  SCV  
  23  2:08  Factory  
  23  2:14  Refinery  
  23  2:17  SCV  
  23  2:21  Barracks Reactor  
  24  2:29  SCV  
  25  2:31  Bunker  
  25  2:41  SCV  
  26  2:53  Starport  
  26  2:54  SCV, Orbital Command  
  27  3:01  Hellion  
  31  3:05  Hellion  
  31  3:07  SCV  
  32  3:20  SCV x2  
  32  3:22  Widow Mine  
  32  3:25  Supply Depot  
  38  3:27  Widow Mine  
  38  3:30  Medivac  
  40  3:36  Armory  
  40  3:38  SCV x2  
  42  3:45  Widow Mine  
  42  3:48  Widow Mine, Supply Depot  
  46  3:51  SCV x2  
  47  4:03  SCV, Medivac  
  47  4:04  SCV  
  47  4:08  Widow Mine  
  53  4:13  Widow Mine  
  53  4:15  Supply Depot  
  53  4:16  SCV x2  
  57  4:17  Barracks Tech Lab  
  57  4:29  Command Center  
  57  4:30  SCV x2  
  59  4:32  Widow Mine  
  59  4:37  Marine, Widow Mine  
  64  4:44  SCV x2  
  66  4:49  Supply Depot  
  62  4:53  Widow Mine  
  62  4:56  Barracks, Marine  
  62  4:58  Barracks  
  62  4:59  Widow Mine  
  63  5:01  Stimpack  
  63  5:02  SCV x2  
  65  5:07  Refinery x2  
  63  5:15  Marauder  
  63  5:16  Widow Mine  
  63  5:19  Bunker  
  63  5:20  SCV x2, Widow Mine  
  71  5:32  SCV x2  
  71  5:36  Marauder  
  71  5:38  Widow Mine  
  71  5:41  Widow Mine  
  71  5:42  Starport Reactor  
  77  5:45  SCV  
  77  5:46  SCV  
  77  5:48  Barracks Reactor, Barracks Tech Lab  
  77  5:50  Barracks  
  77  5:54  Barracks  
  77  5:56  Orbital Command  
  77  6:02  SCV x2  
  77  6:13  Engineering Bay  
  77  6:14  SCV x2, Engineering Bay, Marauder x2  
  83  6:18  Combat Shield  
  83  6:22  Medivac  
  83  6:23  Medivac  
  86  6:26  SCV x2, Orbital Command  
  86  6:29  Widow Mine x2  
  89  6:37  Marine x2, Marauder x2  
  93  6:42  Terran Infantry Armor Level 1, Terran Infantry Weapons Level 1  
  93  6:44  Barracks Tech Lab  
  93  6:45  SCV x2, Barracks Reactor  
  93  6:50  Supply Depot  
  93  6:52  Supply Depot  
  93  6:55  SCV  
  93  6:57  SCV x2  
  93  6:59  Marine  
  93  7:00  Marauder x2  
  93  7:01  Concussive Shells  
  101  7:03  Supply Depot  
  101  7:06  Supply Depot  
  101  7:07  Marine  
  100  7:11  Medivac  
  100  7:12  Widow Mine x2  
  106  7:16  Supply Depot  
  106  7:18  Marine  
  107  7:23  Marauder x3  
  107  7:24  Marine x2  
  107  7:25  Marine, Medivac  
  118  7:30  SCV x3, Supply Depot  
  118  7:34  Widow Mine x2  
  125  7:42  Orbital Command  
  122  7:47  Marine x4, Marauder x3  
  128  7:58  Widow Mine x2  
  128  8:00  Medivac  
  128  8:01  Orbital Command  
  128  8:08  SCV x2  
  128  8:10  Marauder x2  
  128  8:15  Marine x2  
  128  8:16  Marine x2  
  125  8:20  SCV x2  
  127  8:30  Widow Mine x2, Marauder  
  127  8:31  Marauder  
  127  8:32  SCV, Marauder  
  138  8:38  Supply Depot x2  
  138  8:39  Supply Depot  
  138  8:44  Supply Depot  
  136  8:52  Refinery x2  
  133  8:55  SCV x2  
  133  8:59  SCV  
  133  9:00  Marine x3, Widow Mine x2, Marauder x3  
  133  9:01  Marine  
  145  9:18  Marine x4  
  145  9:21  Marauder  
  145  9:22  Marauder x2  
  145  9:23  Widow Mine x2  
  147  9:34  SCV  
  147  9:35  SCV x2  
  147  9:36  Marine x4  
  152  9:42  Marauder, Ghost Academy  
  152  9:43  Marauder x2  
  158  9:46  Medivac x2  
  162  9:54  Marine x2  
  162  9:55  Marine  
  162  9:59  Supply Depot x3  
  165  10:06  Marine  
  165  10:10  Widow Mine  
  165  10:11  Marauder x2  
  165  10:12  Marauder  
  165  10:13  Widow Mine  
  163  10:21  Marine x3  
  165  10:24  Marine  
Show
View Real Time Build Order
Export as new Build Order

ShoWTimE Protoss 

Build Orders: 1 Gate Expand, Phoenix Opening, Blink Stalkers 

Get SALT Encoding   

  12  0:00  Probe  
  13  0:13  Probe  
  14  0:17  Pylon  
  14  0:24  Probe  
  15  0:32  Probe  
  15  0:38  Gateway  
  15  0:40  Probe  
  16  0:46  Assimilator  
  17  0:51  Probe  
  18  1:03  Probe  
  19  1:15  Probe  
  20  1:25  Cybernetics Core  
  20  1:33  Nexus  
  20  1:36  Probe  
  21  1:43  Pylon  
  21  1:48  Probe  
  21  1:51  Adept, Assimilator  
  22  2:00  Probe  
  23  2:04  Warp Gate  
  25  2:10  Probe  
  26  2:18  Probe  
  26  2:21  Sentry  
  29  2:26  Probe  
  30  2:38  Probe  
  30  2:41  Probe, Twilight Council  
  31  2:47  Stalker  
  31  2:50  Probe x2  
  35  2:56  Gateway, Phoenix  
  36  2:59  Blink  
  36  3:00  Probe  
  36  3:02  Probe  
  38  3:12  Probe  
  39  3:15  Probe  
  39  3:18  Pylon  
  40  3:24  Probe, Stalker  
  40  3:27  Probe  
  44  3:36  Probe  
  44  3:39  Probe  
  46  3:46  Robotics Facility  
  46  3:48  Probe  
  47  3:51  Probe  
  48  3:58  Nexus  
  48  4:00  Probe  
  49  4:03  Probe, Pylon  
  49  4:06  Pylon  
  50  4:11  Stalker  
  50  4:12  Probe  
  50  4:16  Probe  
  50  4:17  Assimilator  
  54  4:22  Stalker  
  56  4:24  Probe  
  56  4:28  Probe  
  56  4:29  Observer  
  58  4:36  Probe, Stalker  
  62  4:40  Probe  
  54  4:45  Observer  
  54  4:48  Probe  
  54  4:52  Probe  
  56  4:55  Pylon  
  56  4:58  Stalker  
  56  4:59  Stalker  
  58  5:00  Probe  
  58  5:04  Probe  
  60  5:11  Charge  
  60  5:13  Probe  
  61  5:16  Probe  
  62  5:22  Probe  
  62  5:24  Gateway  
  62  5:25  Probe  
  63  5:28  Probe  
  63  5:34  Probe  
  64  5:37  Probe  
  64  5:40  Gateway  
  64  5:41  Probe, Gateway  
  66  5:46  Probe  
  66  5:47  Warp Prism  
  66  5:49  Probe  
  68  5:50  Gateway  
  68  5:51  Sentry x2  
  68  5:53  Probe  
  73  5:58  Probe  
  76  6:08  Gateway  
  76  6:09  Gateway  
  76  6:12  Probe  
  76  6:13  Probe  
  76  6:14  Probe  
  79  6:23  Stalker x2  
  79  6:24  Probe  
  79  6:25  Probe  
  81  6:39  Sentry, Zealot x2  
  87  6:43  Pylon  
  87  6:53  Pylon  
  87  6:57  Zealot x3  
  93  7:02  Pylon  
  93  7:08  Zealot x4  
  93  7:13  Pylon, Zealot x2  
  105  7:22  Pylon  
  105  7:34  Pylon  
  105  7:40  Zealot x2  
  105  7:41  Zealot x6  
  120  7:45  Pylon  
  112  8:03  Zealot x5  
  112  8:04  Zealot x3  
  112  8:19  Observer  
  104  8:25  Stalker x4, Pylon, Zealot x4  
  120  8:30  Pylon  
  120  8:34  Observer  
  120  8:36  Dark Shrine  
  121  8:46  Zealot x4  
  129  8:48  Zealot x2  
  129  8:49  Zealot  
  133  8:58  Zealot  
  133  9:00  Pylon  
  132  9:12  Zealot x7  
  132  9:14  Observer  
  139  9:30  Zealot  
  127  9:36  Probe x3  
  126  9:38  Assimilator  
  126  9:40  Assimilator  
  126  9:43  Robotics Bay  
  126  9:44  Forge  
  126  9:45  Robotics Facility  
  124  9:46  Forge  
  124  9:48  Robotics Facility  
  119  10:01  Observer  
  119  10:05  Dark Templar  
  119  10:06  Zealot x4  
  128  10:07  Dark Templar  
  128  10:09  Shield Battery  
  128  10:10  Dark Templar  
  128  10:13  Sentry  
  118  10:33  Zealot x4  
  113  10:35  Zealot x2  
  113  10:36  Zealot x2  
  113  10:37  Zealot x2  
Tags
 
Add a new tag
Caveats
  • Supply blocks, unpowered buildings, or Contaminate may cause inaccurate times.
  • Supply counts are checked every 10 seconds.